 Dungeon Crawl Stone Soup version 0.28-a0-199-g298df9dbad (webtiles) character file.

Game seed: 3169157715026315242

156 thedisplayname the Bolt Thrower (level 5, -1/30 HPs)
             Began as a Kobold Hunter on Aug 19, 2021.
             Was a Believer of Fedhas.
             Slain by an ogre (23 damage)
             ... on level 4 of the Dungeon.
             The game lasted 00:15:21 (3086 turns).

thedisplayname the Bolt Thrower (Kobold Hunter)     Turns: 3086, Time: 00:15:22

Health: -1/30      AC:  5    Str: 10    XL:     5   Next: 65%
Magic:  4/5        EV: 14    Int: 12    God:    Fedhas [**....]
Gold:   244        SH:  0    Dex: 16    Spells: 4/4 levels left

rFire   . . .      SeeInvis .   a - +1 hand crossbow
rCold   . . .      Faith    .   (shield restricted)
rNeg    . . .      Spirit   .   p - +0 ring mail
rPois   .          Reflect  .   (no helmet)
rElec   .          Harm     .   (no cloak)
rCorr   .          Rampage  .   (no gloves)
Will    .....                   (no boots)
Stlth   +++.......              (no amulet)
HPRegen 0.10/turn               (no ring)
MPRegen 0.09/turn               (no ring)

@: no status effects
A: small, no large weapons, nightstalker 3
a: Renounce Religion, Wall of Briars


You were on level 4 of the Dungeon.
You worshipped Fedhas.
Fedhas was pleased with you.
You visited 1 branch of the dungeon, and saw 4 of its levels.

You collected 244 gold pieces.

Inventory:

Hand Weapons
 a - a +1 hand crossbow (weapon)
 b - a +0 short sword
 f - a +0 spear
 j - a +1 dagger of venom
 m - a +0 short sword of freezing
Missiles
 d - 18 bolts (quivered ammo)
 l - 8 atropa-tipped darts
Armour
 c - a +0 leather armour
 k - a +0 chain mail
 p - a +0 ring mail (worn)
Jewellery
 o - a ring of ice
Wands
 h - a wand of flame (42)
Scrolls
 i - 3 scrolls of identify {unknown}
 n - a scroll of immolation {unknown}
Potions
 e - a potion of flight {unknown}
 g - a potion of might


   Skills:
 - Level 2.1 Fighting
 * Level 6.5 Crossbows
 + Level 3.8 Dodging
 + Level 3.6 Stealth


You had 4 spell levels left.
You didn't know any spells.
Your spell library contained the following spells:

 Spells                   Type           Power      Damage    Failure   Level
 Corpse Rot               Necr/Air       N/A        N/A       78%         2
 Dispel Undead            Necr           0%         3d6       100%        4
 Death Channel            Necr           0%         N/A       100%        6


Dungeon Overview and Level Annotations

Branches:
Dungeon (4/15)
 Temple: D:4-7

Altars:
Fedhas

Annotations:
D:4 Pikel


Innate Abilities, Weirdness & Mutations

You are small and have problems with some larger weapons.
You are completely attuned to the shadows.


Message History

You shoot a bolt. Fedhas protects your plant from harm.
The bolt hits the iguana!
You kill the iguana!
Fedhas appreciates your contribution to the ecosystem.
Fire: 17 bolts
Press: ? - help, Q - select action, (/) - cycle Shift-Dir - straight line, f - iguana
Aim: an iguana (moderately wounded, ally target, 71% to hit)
You shoot a bolt. Fedhas protects your plant from harm.
The bolt hits the iguana but does no damage.
The iguana is moderately wounded.
The iguana bites your briar patch but does no damage.
Fire: 16 bolts
Press: ? - help, Q - select action, (/) - cycle Shift-Dir - straight line, f/p - iguana
Aim: an iguana (moderately wounded, ally target, 71% to hit)
You shoot a bolt. Fedhas protects your plant from harm.
The bolt hits the iguana.
The iguana is heavily wounded.
The iguana is struck by your briar patch's thorns.
The iguana dies!
Fedhas appreciates your contribution to the ecosystem.
You walk carefully through the plants.
d - 18 bolts (gained 3)
You see here an iguana corpse.
d - 19 bolts (gained 1) Fire: 19 bolts
Press: ? - help, Q - select action, (/) - cycle Shift-Dir - straight line, f - kobold
Aim: a kobold, wielding a +0 short sword (wandering, hasn't noticed you, 62% to hit)
You shoot a bolt. The kobold shouts!
The bolt hits the kobold!
You kill the kobold!
Fedhas appreciates your contribution to the ecosystem.
An ogre comes into view. It is wielding a +0 giant club.
The ogre hits you with a +0 giant club!!
Ouch! That really hurt!
You die...
Fedhas appreciates your contribution to the ecosystem. ......# ......## #........##. #....O(..... 5K(

#....@....#
#K#
#..........
#5#
#......)...
####.#
###.###.###
#...<# #†#
..# #.####
#P## #.#
#..## ..
##..# ##.#


You could see an ogre.

Vanquished Creatures
  A lemure (D:3)
  Jessica (D:2)
  An iguana (D:4)
  An adder (D:2)
  2 worms
  2 dart slugs
  An orc (D:3)
  A bat (D:1)
  5 endoplasms
  2 giant cockroaches
  8 hobgoblins
  7 jackals (D:2)
  2 quokkas
  7 ball pythons
  3 frilled lizards
  6 goblins
  7 kobolds
  3 rats
60 creatures vanquished.

Vanquished Creatures (collateral kills)
  An iguana (D:4)
1 creature vanquished.

Grand Total: 61 creatures vanquished

Notes
Turn   | Place    | Note
-------+----------+-------------------------------------------
     0 | D:1      | thedisplayname the Kobold Hunter began the quest for the
                  | Orb.
     0 | D:1      | Reached XP level 1. HP: 12/12 MP: 1/1
    51 | D:1      | Reached skill level 5 in Crossbows
   107 | D:1      | Reached XP level 2. HP: 17/17 MP: 2/2
   446 | D:1      | Found a faded altar of an unknown god.
   469 | D:1      | Became a worshipper of Fedhas Madash
   469 | D:1      | Reached * piety under Fedhas
   484 | D:1      | Reached XP level 3. HP: 21/21 MP: 3/3
   917 | D:2      | Noticed Jessica
   921 | D:2      | Killed Jessica
   922 | D:2      | Reached XP level 4. HP: 20/26 MP: 4/4
  1544 | D:2      | Reached ** piety under Fedhas
  1611 | D:2      | Reached skill level 6 in Crossbows
  2286 | D:3      | Reached XP level 5. HP: 30/30 MP: 5/5
  2903 | D:4      | Noticed a lemure
  2908 | D:4      | Noticed a lemure
  2910 | D:4      | Noticed a lemure
  2910 | D:4      | Noticed Pikel
  2919 | D:3      | Killed a lemure
  3084 | D:4      | Noticed an ogre
  3086 | D:4      | Slain by an ogre

Illustrated notes

Levels and vault maps discovered:
D:1:      psy_arrival_radial01, layout_rooms, shapermc_ecumenical_altar_pompeii,
          serial_corexii_hall, chequers_hall_statues_wall_a,
          corexii_hall_statues_i, corexii_hall_statues_u,
          corexii_hall_statues_t, minmay_octomino_j4
D:2:      layout_loops_ring, uniq_jessica
D:3:      layout_basic, amcnicky_mini_rare_corridor_liquid
D:4:      layout_rooms, nicolae_sif_muna_little_library,
          minmay_temple_entry_large_hall, fountainhead, uniq_pikel

Skill      XL: |  1  2  3  4 |
---------------+-------------+-----
Crossbows      | 5 6 |  6.5
Stealth        | 2 3 |  3.6
Dodging        | 3 |  3.8
Fighting       | |  2.1

Action                   |  1- 3 |  4- 6 || total
-------------------------+-------+-------++-------
Melee: Short sword       |     6 |       ||     6
       Dagger            |       |    22 ||    22
 Fire: Hand crossbow     |    35 |    84 ||   119
Invok: Wall of Briars    |       |     2 ||     2
Evoke: Wand              |       |     1 ||     1
  Use: Potion            |       |     3 ||     3
       Scroll            |       |     1 ||     1
Armor: Leather armour    |     3 |    17 ||    20
Dodge: Dodged            |    13 |    36 ||    49

Table legend: (Time is in decaauts)
 A = Elapsed time spent in this place.
 B = Non-inter-level travel time spent in this place.
 C = Inter-level travel time spent in this place.
 D = Time resting spent in this place.
 E = Time spent auto-exploring this place.
 F = Levels seen in this place.
 G = Mean time per level.
                   A        B        C        D        E       F      G
               +--------+--------+--------+--------+--------+-----+--------+
         Total |   3107 |   3006 |    101 |    281 |   1871 |   4 |  776.8 |
       Dungeon |   3107 |   3006 |    101 |    281 |   1871 |   4 |  776.8 |
               +--------+--------+--------+--------+--------+-----+--------+

Top non-repeatable levels by time:
     D:2: 1286 daAuts
     D:3: 863 daAuts
     D:1: 838 daAuts
     D:4: 119 daAuts
